 Dungeon Crawl Stone Soup version 0.28-a0-1447-ga5a8893891 (webtiles) character file.

Game seed: 5104143479207198970

4930 browni3141 the Fighter (level 10, -3/107 (110) HPs)
             Began as a Troll Fighter on Jan 10, 2022.
             Killed from afar by Harold (6 damage)
             ... with a harpoon shot
             ... on level 8 of the Dungeon.
             The game lasted 00:09:30 (5526 turns).

browni3141 the Fighter (Troll Fighter)              Turns: 5526, Time: 00:09:31

HP:   -3/107 (110)  AC:  5    Str: 30    XL:     10   Next: 27%
MP:   9/9           EV:  9    Int:  4    God:
Gold: 337           SH:  7    Dex: 12    Spells: 9/9 levels left

rFire   . . .      SeeInvis .   f - +10 spear of the Apocalypse {vamp, *Slow rPois Dex+3}
rCold   . . .      Faith    +   b - +0 kite shield
rNeg    . . .      Spirit   .   a - +0 robe
rPois   +          Reflect  .   (helmet restricted)
rElec   .          Harm     .   u - +0 cloak
rCorr   .          Rampage  .   (gloves unavailable)
Will    .....                   (boots unavailable)
Stlth   +.........              g - amulet of faith
HPRegen 1.07/turn               (no ring)
MPRegen 0.11/turn               (no ring)

@: marked, lightly drained
A: large, unfitting armour, claws 3, regeneration 1, shaggy fur 1, tough skin 1
a: no special abilities


You were on level 8 of the Dungeon.
You visited 2 branches of the dungeon, and saw 9 of its levels.

You collected 337 gold pieces.

Inventory:

Hand Weapons
 f - the +10 spear of the Apocalypse (weapon) {vamp, *Slow rPois Dex+3}
   (You found it on level 2 of the Dungeon)

   It occasionally heals its wielder for a portion of the damage dealt when it
   wounds a living foe.
   Dex:       It affects your dexterity (+3).
   rPois:     It protects you from poison.
   *Slow:     It may slow you when you take damage.
Missiles
 p - a throwing net
 A - a curare-tipped dart
Armour
 a - a +0 robe (worn)
 b - a +0 kite shield (worn)
 u - a +0 cloak (worn)
 B - an orb of guile
Jewellery
 g - an amulet of faith (around neck)
 l - a ring of ice
 q - a ring of resist corrosion
 s - an amulet of guardian spirit
 D - an amulet of the acrobat
Wands
 c - a wand of flame (21) (quivered)
 y - a wand of acid (8)
Scrolls
 d - 6 scrolls of teleportation {unknown}
 e - 3 scrolls of fear {unknown}
 i - 3 scrolls of identify {unknown}
 k - a scroll of amnesia {unknown}
 m - 2 scrolls of vulnerability {unknown}
 o - a scroll of summoning {unknown}
 t - a scroll of holy word {unknown}
 w - 2 scrolls of enchant armour {unknown}
 z - a scroll of brand weapon {unknown}
 C - a scroll of fog {unknown}
 E - a scroll of noise {unknown}
Potions
 j - a potion of invisibility {unknown}
 n - a potion of ambrosia {unknown}
 r - a potion of mutation {unknown}
 v - 2 potions of brilliance {unknown}
 x - a potion of flight {unknown}


   Skills:
 * Level 9.8 Fighting
 * Level 8.7 Polearms
 - Level 2.4 Dodging
 - Level 2.4 Shields
 - Level 2.0 Unarmed Combat


You had 9 spell levels left.
You didn't know any spells.
Your spell library contained the following spells:

 Spells                   Type           Power      Damage    Failure   Level
 Slow                     Hex            0%         N/A       80%         1
 Summon Small Mammal      Summ           0%         N/A       80%         1
 Blink                    Tloc           0%         N/A       91%         2
 Confusing Touch          Hex            0%         N/A       99%         3
 Conjure Flame            Conj/Fire      0%         6-21      99%         3
 Gell's Gravitas          Tloc           0%         N/A       99%         3
 Lesser Beckoning         Tloc           0%         N/A       99%         3
 Spider Form              Tmut/Pois      0%         N/A       99%         3
 Teleport Other           Tloc           0%         N/A       99%         3
 Vampiric Draining        Necr           0%         2d6       99%         3
 Airstrike                Air            0%         N/A       100%        4
 Summon Lightning Spire   Summ/Air       0%         N/A       100%        4
 Alistair's Intoxication  Tmut/Pois      0%         N/A       100%        5
 Lightning Bolt           Conj/Air       0%         1d11      100%        5
 Manifold Assault         Tloc           0%         N/A       100%        5
 Summon Forest            Summ/Tloc      0%         N/A       100%        5
 Dispersal                Tloc           0%         N/A       100%        6
 Eringya's Noxious Bog    Tmut/Pois      0%         N/A       100%        6
 Summon Hydra             Summ           0%         N/A       100%        7
 Fire Storm               Conj/Fire      0%         5d1       100%        9


Dungeon Overview and Level Annotations

Branches:
Dungeon (8/15)             Temple (1/1) D:6
   Lair: D:8-11

Altars:
Ashenzari
Cheibriados
Dithmenos
Elyvilon
Fedhas
Gozag
Hepliaklqana
Kikubaaqudgha
Makhleb
Nemelex Xobeh
Okawaru
Qazlal
Ru
Sif Muna
Trog
Uskayaw
Vehumet
Wu Jian
Xom
Yredelemnul
Zin
The Shining One

Annotations:
D:8 3 runed translucent doors, Harold; eustatius's ghost, novice TrFi


Innate Abilities, Weirdness & Mutations

You are too large for most types of armour.
You have claws for hands.
Your natural rate of healing is unusually fast.
You are covered in fur. (AC +1)
You have tough skin. (AC +1)


Message History

You shred the net and break free!
You feel very sick.
Harold hits you from afar with a +2 halberd of venom!
* * * LOW HITPOINT WARNING * * *
Unknown command.
Aiming: Corrosive Bolt
Press: ? - help, Shift-Dir - straight line, f/p - Harold
Aim: Harold, wielding a +2 halberd of venom and wearing a +0 ring mail (lightly wounded, 83% to hit)
The bolt of acid hits Harold!
The acid corrodes Harold!
Harold is moderately wounded.
You feel very sick. Harold hits you but does no damage.
You are more poisoned.
Aiming: Corrosive Bolt
Press: ? - help, Shift-Dir - straight line, f/p - Harold
Aim: Harold, wielding a +2 halberd of venom and wearing a +0 ring mail (moderately wounded, covered in acid, 83% to hit)
The bolt of acid hits Harold!
Harold is heavily wounded.
You feel very sick. You block Harold's attack.
Aiming: Corrosive Bolt
Press: ? - help, Shift-Dir - straight line, f/p - Harold
Aim: Harold, wielding a +2 halberd of venom and wearing a +0 ring mail (heavily wounded, covered in acid, 83% to hit)
The bolt of acid hits Harold!!
Harold is severely wounded.
You feel very sick.
Harold hits you from afar with a +2 halberd of venom!
* * * LOW HITPOINT WARNING * * *
You feel better.
Harold hits you from afar with a +2 halberd of venom!
* * * LOW HITPOINT WARNING * * *
Unknown command.
Aiming: Corrosive Bolt
Press: ? - help, Shift-Dir - straight line, f/p - Harold
Aim: Harold, wielding a +2 halberd of venom and wearing a +0 ring mail (severely wounded, covered in acid, 83% to hit)
The bolt of acid hits Harold!
Harold seems to be corroded for longer.
Harold is almost dead.
Harold fires a harpoon shot at you. The harpoon shot hits you.
You die...

#.. #.# ##$## # ##...##.#
####.....#.## .....(.....
#....@# #.@†# ### ##.##
#.####### ..# #.# #.......> #.#
#.############...# #.##
#.#............... #..#
#.#.########...... #>
#..####.#.#######.......
#.#.#####.......)...............
#.................###..####.....


You could see Harold (corroded).

Vanquished Creatures
  Pikel (D:5)
  Grinder (D:4)
  A slime creature (D:7)
  A wraith (D:6)
  Grum (D:8)
  A steam dragon (D:7)
  Menkaure (D:5)
  Duvessa (D:6)
  A water moccasin (D:7)
  2 orc warriors
  2 sky beasts
  A black bear (D:5)
  An ice beast (D:7)
  3 necrophages
  A centaur (D:8)
  3 wolves (D:8)
  Blork the orc (D:6)
  3 phantoms
  2 kobold brigands
  4 bullfrogs
  A water moccasin zombie (D:6)
  Dowan (D:6)
  3 jellies
  4 killer bees (D:8)
  8 wights (D:8)
  3 howler monkeys (D:8)
  An electric eel (D:8)
  A centaur zombie (D:5)
  A bullfrog zombie (D:6)
  A centaur skeleton (D:7)
  An orc priest (D:6)
  Crazy Yiuf (D:4)
  3 hounds
  8 orc wizards
  Jessica (D:2)
  A hound zombie (D:5)
  A hound skeleton (D:4)
  A howler monkey skeleton (D:6)
  A gnoll (D:1)
  3 adders
  3 white imps
  An ufetubus (D:6)
  2 adder skeletons
  7 worms
  2 dart slugs
  10 orcs
  7 ball pythons
  4 endoplasms
  2 giant cockroaches
  6 hobgoblins
  2 jackals (D:1)
  13 kobolds
  3 quokkas
  5 bats
  5 frilled lizards
  8 goblins
  11 rats
168 creatures vanquished.

Vanquished Creatures (others)
  2 kobolds (D:7)
2 creatures vanquished.

Grand Total: 170 creatures vanquished

Notes
Turn   | Place    | Note
-------+----------+-------------------------------------------
     0 | D:1      | browni3141 the Troll Fighter began the quest for the Orb.
     0 | D:1      | Reached XP level 1. HP: 22/22 MP: 0/0
    81 | D:1      | Found a faded altar of an unknown god.
   112 | D:1      | Reached skill level 3 in Fighting
   112 | D:1      | Reached XP level 2. HP: 29/31 MP: 1/1
   198 | D:1      | Got Qasios's Incunabulum of Scorching Transmutation
   263 | D:1      | Reached XP level 3. HP: 37/37 MP: 2/2
   777 | D:2      | Identified the +9 chain mail "Bimi" {rPois rC+ Str+4 Dex-4}
  1065 | D:2      | Identified the +10 spear of the Apocalypse {vamp, *Slow
                  | rPois Dex+3}
  1116 | D:2      | Noticed Jessica
  1123 | D:2      | HP: 1/39 [Jessica/nerve-wracking pain (3)]
  1126 | D:2      | Killed Jessica
  1127 | D:2      | Reached skill level 4 in Fighting
  1127 | D:2      | Reached XP level 4. HP: 2/48 MP: 3/3
  1425 | D:3      | Noticed a phantom
  1431 | D:3      | Killed a phantom
  1432 | D:3      | Reached skill level 1 in Polearms
  1432 | D:3      | Reached XP level 5. HP: 51/55 MP: 4/4
  1899 | D:4      | Noticed Grinder
  1907 | D:4      | Killed Grinder
  1908 | D:4      | Reached skill level 5 in Fighting
  1908 | D:4      | Reached XP level 6. HP: 65/66 MP: 5/5
  2151 | D:4      | Found a runed translucent door.
  2152 | D:4      | Noticed Crazy Yiuf
  2235 | D:4      | Reached XP level 7. HP: 73/74 MP: 6/6
  2597 | D:4      | Killed Crazy Yiuf
  2628 | D:5      | Entered Level 5 of the Dungeon
  2628 | D:5      | Found a snail-covered altar of Cheibriados.
  2628 | D:5      | Found a burning altar of Makhleb.
  2628 | D:5      | Found a broken altar of Ashenzari.
  2628 | D:5      | Found a sacrificial altar of Ru.
  2643 | D:5      | Found a basalt altar of Yredelemnul.
  2643 | D:5      | Found a stormy altar of Qazlal.
  2644 | D:5      | Found a blossoming altar of Fedhas.
  2694 | D:5      | Reached skill level 6 in Fighting
  2706 | D:5      | Found a shimmering altar of Xom.
  2706 | D:5      | Noticed Pikel
  2723 | D:5      | Killed Pikel
  2724 | D:5      | Reached skill level 5 in Polearms
  2724 | D:5      | Reached XP level 8. HP: 11/84 MP: 7/7
  2795 | D:5      | Noticed an angel
  2814 | D:5      | Found a glowing silver altar of Zin.
  2938 | D:5      | Noticed Menkaure
  2941 | D:5      | Killed Menkaure
  2942 | D:5      | Reached skill level 7 in Fighting
  3336 | D:6      | Found a staircase to the Ecumenical Temple.
  3350 | Temple   | Entered the Ecumenical Temple
  3503 | D:6      | Noticed Dowan
  3504 | D:6      | Noticed Duvessa
  3526 | D:6      | Killed Duvessa
  3529 | D:6      | Killed Dowan
  3536 | D:6      | Reached XP level 9. HP: 68/96 MP: 8/8
  3618 | D:6      | Noticed Blork the orc
  3631 | D:6      | Killed Blork the orc
  3632 | D:6      | Reached skill level 8 in Fighting
  4319 | D:7      | Reached skill level 9 in Fighting
  4730 | D:7      | Found a shimmering blue altar of Sif Muna.
  4743 | D:7      | Got Sif Muna's Volume of the Escort
  4750 | D:7      | Found an ancient bone altar of Kikubaaqudgha.
  4758 | D:7      | Found a radiant altar of Vehumet.
  4999 | D:8      | Reached XP level 10. HP: 99/107 MP: 9/9
  5037 | D:8      | Noticed Grum
  5051 | D:8      | Killed Grum
  5113 | D:8      | Found a runed translucent gate.
  5113 | D:8      | Found a runed translucent gate.
  5119 | D:8      | Found a runed translucent gate.
  5121 | D:8      | Noticed eustatius's ghost (novice TrFi)
  5507 | D:8      | Noticed Harold
  5524 | D:8      | HP: 3/107 [Harold (14)]
  5526 | D:8      | Killed from afar by Harold

Illustrated notes

Levels and vault maps discovered:
D:1:      tarquinn_simple_flora_water_c, layout_rooms, serial_glass,
          glass_columns_a, glass_columns_b,
          shapermc_ecumenical_altar_starsandcircs
D:2:      layout_loops_corners, skrybe_limestone_x, minmay_liquid_box,
          kennysheep_generic_room_9, uniq_jessica
D:3:      layout_basic
D:4:      layout_basic, uniq_grinder, uniq_crazy_yiuf_cottage
D:5:      nicolae_cairo_tiling_large, layout_cave_pools,
          grunt_temple_overflow_order_and_chaos_1, grunt_temple_overflow_open,
          nicolae_wormholes, uniq_pikel, uniq_menkaure
D:6:      layout_loops_ring, temple_pool_b, uniq_duvessa, uniq_blork_the_orc
D:7:      layout_cave_pools, palyth_temple_overflow_mages
D:8:      layout_loops_ring, gammafunk_ghost_necromancy, water_boxes_lemuel,
          uniq_grum, uniq_harold
Temple:   zaba_magenta_temple

Skill      XL: |  1  2  3  4  5  6  7  8  9 |
---------------+----------------------------+-----
Fighting       | 3 4 5 6 7 9 |  9.8
Polearms       | 1 3 5 6 8 |  8.7
Dodging        | |  2.4
Shields        | |  2.4
Unarmed Combat | |  2.0

Action                   |  1- 3 |  4- 6 |  7- 9 | 10-12 || total
-------------------------+-------+-------+-------+-------++-------
Melee: Unarmed           |    87 |       |       |       ||    87
       Spear             |     6 |    72 |   283 |    73 ||   434
Evoke: Wand              |       |     3 |     5 |     5 ||    13
  Use: Potion            |     2 |       |     1 |     1 ||     4
 Stab: Sleeping          |     1 |     4 |     1 |     1 ||     7
       Distracted        |       |       |     1 |       ||     1
Armor: Robe              |    31 |     8 |    65 |     4 ||   108
Dodge: Dodged            |    27 |    17 |   100 |    13 ||   157
Block: Kite shield       |    27 |    10 |    81 |    23 ||   141

Table legend: (Time is in decaauts)
 A = Elapsed time spent in this place.
 B = Non-inter-level travel time spent in this place.
 C = Inter-level travel time spent in this place.
 D = Time resting spent in this place.
 E = Time spent auto-exploring this place.
 F = Levels seen in this place.
 G = Mean time per level.
                   A        B        C        D        E       F      G
               +--------+--------+--------+--------+--------+-----+--------+
         Total |   5535 |   5376 |    159 |     29 |   4053 |   9 |  615.0 |
       Dungeon |   5461 |   5320 |    141 |     29 |   4003 |   8 |  682.6 |
        Temple |     73 |     55 |     18 |      0 |     50 |   1 |   73.0 |
               +--------+--------+--------+--------+--------+-----+--------+

Top non-repeatable levels by time:
     D:2: 944 daAuts
     D:4: 819 daAuts
     D:7: 756 daAuts
     D:6: 727 daAuts
     D:5: 668 daAuts
     D:8: 655 daAuts
     D:1: 483 daAuts
     D:3: 407 daAuts
  Temple: 73 daAuts
